 Dungeon Crawl Stone Soup version 0.31-a0-237-g2d982f9f85 (webtiles) character file.

Game seed: 10766566693132203304

87 qw the Shooter (level 4, -8/26 HPs)
             Began as a Gargoyle Hexslinger on July 10, 2023.
             Killed from afar by an orc wizard (12 damage)
             ... with a puff of flame
             ... on level 3 of the Dungeon.
             The game lasted 00:00:47 (1796 turns).

qw the Shooter (Gargoyle Hexslinger)                Turns: 1796, Time: 00:00:48

Health: -8/26      AC:  6    Str: 11    XL:     4   Next: 51%
Magic:  5/5        EV: 11    Int: 14    God:
Gold:   135        SH:  0    Dex: 14    Spells: 4/5 levels left

rFire   . . .        Y - +1 sling
rCold   . . .        (no shield)
rNeg    + . .        h - +0 leather armour
rPois   inf          (no helmet)
rElec   +            (no cloak)
rCorr   +            (no gloves)
SInv    .            (no boots)
Will    .....        (no amulet)
Stlth   +            f - ring of resist corrosion
HPRegen 0.24/turn    (no ring)
MPRegen 0.09/turn

%: no passive effects
@: no status effects
A: sickness immunity, AC +3, negative energy resistance 1, electricity
resistance, torment resistance 1, petrification resistance
a: no special abilities


You were on level 3 of the Dungeon.
You visited 1 branch of the dungeon, and saw 3 of its levels.

You collected 135 gold pieces.


Innate Abilities, Weirdness & Mutations

You are immune to sickness and miasma.
Your stone body is resilient. (AC +3)
You are immune to poison.
You resist negative energy. (rN+)
You are resistant to electric shocks. (rElec)
You are resistant to unholy torment.
You are immune to petrification.


   Skills:
 - Level 2.0 Fighting
 + Level 4.3 Ranged Weapons
 - Level 1.5 Dodging
 - Level 1.0 Spellcasting
 - Level 2.6 Hexes


You had 4 spell levels left.
You knew the following spells:

 Your Spells              Type           Power      Damage    Failure   Level
a - Slow                  Hex            32%        N/A       12%         1

Your spell library contained the following spells:

 Spells                   Type           Power      Damage    Failure   Level
 Inner Flame              Hex/Fire       4%         N/A       52%         3
 Portal Projectile        Hex/Tloc       8%         N/A       52%         3
 Cause Fear               Hex            4%         N/A       75%         4

Inventory:

Hand Weapons
 Y - a +1 sling (weapon)
Armour
 h - a +0 leather armour (worn)
Jewellery
 f - a ring of resist corrosion (left hand)
Potions
 a - a potion of invisibility {unknown}
 c - a potion of attraction {unknown}
 d - a potion of mutation {unknown}
 e - a potion of enlightenment {unknown}
 k - a potion of resistance {unknown}
 l - a potion of curing {unknown}

Dungeon Overview and Level Annotations

Branches:
Dungeon (3/15)

Altars:
Kikubaaqudgha

Annotations:
D:2 exclusion: 5 orcs


Message History

The puff of flame hits you. The orc misses you.
You shoot a sling bullet.
The sling bullet hits the orc but does no damage.
The orc is moderately wounded.
The orc hits you but does no damage.
The orc wizard gestures at you while chanting.
The puff of flame hits you! The orc closely misses you.
1782 ||| READING scroll of teleportation.
As you read the scroll of teleportation, it crumbles to dust.
You feel strangely unstable. The orc closely misses you.
The orc wizard misses you.
You shoot a sling bullet. The sling bullet hits the orc!
You kill the orc!
The orc wizard barely misses you.
You shoot a sling bullet. The sling bullet hits the orc wizard.
The orc wizard is lightly wounded.
The orc wizard barely misses you.
You shoot a sling bullet.
The sling bullet closely misses the orc wizard.
Your surroundings suddenly seem different.
Found 7 stones.
Found a stone staircase leading down.
Enter note: You start resting.
An orc wizard is nearby!
You shoot a sling bullet.
The sling bullet barely misses the orc wizard.
The orc wizard gestures at you while chanting.
The magic dart hits you.
You shoot a sling bullet. The sling bullet hits the orc wizard.
The orc wizard is moderately wounded.
You shoot a sling bullet.
The sling bullet barely misses the orc wizard.
You shoot a sling bullet.
The sling bullet hits the orc wizard but does no damage.
The orc wizard is moderately wounded.
You shoot a sling bullet.
The sling bullet barely misses the orc wizard.
The orc wizard points at you and mumbles some strange words.
The puff of flame hits you!
You die...

.#.#.....###
#.#.##.#.......#
. .. ..........#
#. .# #.......#
.#.......#
....o....#
##.......#
.......(.#
#.....@.#
#..#######


You could see an orc wizard.

Vanquished Creatures
  An orc priest (D:3)
  A worm (D:2)
  2 dart slugs (D:2)
  2 orcs
  2 endoplasms (D:1)
  A giant cockroach (D:1)
  6 goblins
  8 hobgoblins
  7 kobolds
  4 ball pythons
  7 bats (D:1)
  2 frilled lizards (D:2)
  3 rats
46 creatures vanquished.

Notes
Turn   | Place    | Note
-------+----------+-------------------------------------------
     0 | D:1      | qw the Gargoyle Hexslinger began the quest for the Orb.
     0 | D:1      | Reached XP level 1. HP: 12/12 MP: 2/2
     0 | D:1      | 0 ||| qw: Version: 0.3-a-52-g30416fa
     0 | D:1      | 0 ||| qw: Game counter: 5334
     0 | D:1      | 0 ||| qw: Melee chars always use a shield: true
     0 | D:1      | 0 ||| qw: God list: Okawaru
     0 | D:1      | 0 ||| qw: Allow faded altars: false
     0 | D:1      | 0 ||| qw: Do Orc after clearing Dungeon:15 true
     0 | D:1      | 0 ||| qw: Do second Lair branch before Depths: true
     0 | D:1      | 0 ||| qw: Lair rune preference: random
     0 | D:1      | 0 ||| qw: Goals: Normal
     0 | D:1      | 0 ||| PLANNING D:1-11
    87 | D:1      | 87 ||| FLEEEEING.
    88 | D:1      | 88 ||| FLEEEEING.
    90 | D:1      | 90 ||| FLEEEEING.
   150 | D:1      | Reached XP level 2. HP: 16/16 MP: 3/3
   232 | D:1      | Reached skill level 3 in Ranged Weapons
   600 | D:1      | Reached XP level 3. HP: 21/21 MP: 4/4
   722 | D:1      | 722 ||| UPGRADING to +0 leather armour.
   732 | D:1      | 732 ||| DROPPING +0 robe.
   733 | D:1      | 733 ||| UPGRADING to ring of resist corrosion.
   734 | D:1      | 734 ||| READING 2 scrolls labelled FILURADDAY.
   735 | D:1      | 735 ||| READING scroll labelled RUYHO JUTEKHAS.
   739 | D:1      | 739 ||| READING scroll labelled GUS RO AN TIPU.
   740 | D:1      | 740 ||| DROPPING scroll of fog.
   741 | D:1      | 741 ||| DROPPING scroll of poison.
  1279 | D:2      | 1279 ||| READING scroll labelled ZUADEA VE QOOMUDU.
  1281 | D:2      | 1281 ||| READING scroll labelled REUSES QID JYI.
  1285 | D:2      | 1285 ||| READING scroll labelled EQYCZO DUUDOEJI.
  1293 | D:2      | 1293 ||| FLEEEEING.
  1294 | D:2      | 1294 ||| FLEEEEING.
  1582 | D:2      | 1582 ||| READING 2 scrolls labelled KORPHA BABBO.
  1583 | D:2      | 1583 ||| DROPPING scroll of immolation.
  1679 | D:3      | Found a faded altar of an unknown god.
  1757 | D:3      | Found an ancient bone altar of Kikubaaqudgha.
  1764 | D:3      | 1764 ||| Stepping ~*~*~tactically~*~*~ (outnumbered).
  1777 | D:3      | Reached skill level 4 in Ranged Weapons
  1777 | D:3      | Reached XP level 4. HP: 15/26 MP: 5/5
  1781 | D:3      | HP: 1/26 [orc wizard/puff of flame (7)]
  1782 | D:3      | 1782 ||| READING scroll of teleportation.
  1792 | D:3      | HP: 3/26 [orc wizard/magic dart (1)]
  1796 | D:3      | Killed from afar by an orc wizard

Levels and vault maps discovered:
D:1:      dpeg_arrival_shelter, layout_loops_ring, chequers_decorated_corner,
          skrybe_limestone_x, minmay_pentomino_q2
D:2:      layout_loops_ring, minmay_misc_feat_nine_boxes,
          minmay_misc_feat_tower, minmay_misc_feat_secret_circle,
          grunt_ministairs_10
D:3:      minmay_wonky_spiral, layout_loops_cross,
          mainiacjoe_overflow_surrounded_room, fedhas_altar_4,
          hellmonk_ecumenical_altar_pennies_from_heaven, nicolae_the_louvre,
          uniq_jessica

Skill      XL: |  1  2  3 |
---------------+----------+-----
Ranged Weapons | 3 4 |  4.3
Fighting       | 2 |  2.0
Dodging        | |  1.5
Spellcasting   | |  1.0
Hexes          | |  2.6

Action                     |  1- 3 |  4- 6 || total
---------------------------+-------+-------++-------
   Fire: Sling             |   162 |    13 ||   175
    Use: Scroll            |     7 |     1 ||     8
 Armour: Robe              |    16 |       ||    16
         Leather armour    |    10 |     2 ||    12
  Dodge: Dodged            |    46 |     6 ||    52

Table legend:
 A = Non-vault XP
 B = Vault XP
 C = Vault XP percentage of total XP
 D = Non-vault monster count
 E = Vault monster count
 F = Vault count percentage of total count
                 A         B        C        D         E       F
            +---------+---------+-------+---------+---------+-------
      Total |     118 |       7 |   5.6 |      42 |       4 |   8.7
            +---------+---------+-------+---------+---------+-------
        D:1 |      32 |       3 |   8.6 |      20 |       2 |   9.1
        D:2 |      41 |       4 |   8.9 |      19 |       2 |   9.5
        D:3 |      45 |       0 |   0.0 |       3 |       0 |   0.0
            +---------+---------+-------+---------+---------+-------
